 Dungeon Crawl Stone Soup version 0.17-a0-465-g279efb6 (webtiles) character file.

107 Gunnerkreig the Magician (level 4, -1/33 HPs)
             Began as a Draconian Fire Elementalist on Apr 5, 2015.
             Slain by a quokka (4 damage)
             ... on level 2 of the Dungeon.
             The game lasted 00:10:28 (1577 turns).

Gunnerkreig the Magician (DrFE)                     Turns: 1577, Time: 00:10:28

Health: -1/33      AC:  6    Str: 11    XL:     4   Next: 57%
Magic:  4/10       EV: 12    Int: 21    God:
Gold:   100        SH:  0    Dex: 11    Spells: 4 memorised, 1 level left

rFire  . . .     SeeInvis +     k - +0 dagger
rCold  . . .     Clarity  .     (armour unavailable)
rNeg   . . .     SustAb   .     (no shield)
rPois  .         Gourm    .     (helmet restricted)
rElec  .         Spirit   .     (no cloak)
rCorr  +         Warding  .     (no gloves)
rMut   .         Stasis   .     i - +0 pair of boots
MR     .....                    d - amulet of resist corrosion
Stlth  ++........               (no ring)
                                f - ring of see invisible

@: brilliant, slowed, very slow, not resistant to hostile enchantments,
unstealthy
A: unfitting armour, cold-blooded, AC +5
a: no special abilities


You were on level 2 of the Dungeon.
You were hungry.

You visited 1 branch of the dungeon, and saw 2 of its levels.

You collected 100 gold pieces.

Inventory:

Hand weapons
 k - a +0 dagger (weapon)
Armour
 i - a +0 pair of boots (worn)
Jewellery
 d - an amulet of resist corrosion (around neck)
 f - a ring of see invisible (left hand)
Scrolls
 g - 2 scrolls of blinking
Books
 b - a book of Flames

   Spells                             Type                      Level
   a - Flame Tongue                   Conjuration/Fire             1
   b - Throw Flame                    Conjuration/Fire             2
   c - Conjure Flame                  Conjuration/Fire             3
   d - Inner Flame                    Hexes/Fire                   3
   e - Sticky Flame                   Conjuration/Fire             4
   f - Fireball                       Conjuration/Fire             5
Comestibles
 a - 4 chunks of flesh
 c - 3 bread rations


   Skills:
 + Level 0.2 Short Blades
 - Level 2.1 Dodging
 - Level 1.7 Stealth
 + Level 4.2 Spellcasting
 - Level 1.0 Conjurations
 - Level 3.0 Fire Magic


You had one spell level left.
You knew the following spells:

 Your Spells              Type           Power        Failure   Level  Hunger
a - Flame Tongue          Conj/Fire      ####.        1%          1    None
b - Throw Flame           Conj/Fire      ####..       1%          2    #......
c - Conjure Flame         Conj/Fire      ####....     2%          3    ##.....
d - Sticky Flame          Conj/Fire      ####....     8%          4    ####...


Dungeon Overview and Level Annotations

Branches:
Dungeon (2/15)

Altars:
Cheibriados

Annotations:
D:2 Natasha


Innate Abilities, Weirdness & Mutations

Your plain brown scales are hard (AC +5).
Your body does not fit into most forms of armour.
You are cold-blooded and may be slowed by cold attacks.


Message History

The quokka bites you but does no damage.
Natasha stares at you and mumbles some strange words.
You resist with some effort.
Casting: Flame Tongue
Confirm with . or Enter, or press ? or * to list all spells.
Aiming: Flame Tongue
Press: ? - help, Shift-Dir - straight line, f/p - white imp
Aim: a white imp (moderately wounded, summoned)
The flame tongue hits Natasha.
Natasha is lightly wounded.
The quokka bites you.
* * * LOW HITPOINT WARNING * * *
Natasha claws you.
* * * LOW HITPOINT WARNING * * *
The quokka closely misses you.
You feel clever all of a sudden. The quokka bites you.
* * * LOW HITPOINT WARNING * * *
Natasha claws you but does no damage. The quokka bites you.
You die...

#####%..)##...<..#
##........####........
#.........# #.#.......
#.........#
#.#........
#....>....# ###.#.....
#.........# ♣.♣.♣..
##....w5.## #.....
#...##h## ♣.♣ #.## #@#
#. #r.# ##.# .. .#.
.... .# #. .. .


You could see a worm, Natasha, a white imp and a quokka.

Vanquished Creatures
  Jessica (D:2)
  Natasha (D:2)
  2 adders (D:2)
  4 bats
  2 goblins
  7 hobgoblins
  3 jackals (D:2)
  5 giant cockroaches (D:1)
  4 giant newts
  5 kobolds
  8 rats
42 creatures vanquished.

Notes
Turn   | Place    | Note
--------------------------------------------------------------
     0 | D:1      | Gunnerkreig, the Draconian Fire Elementalist, began the quest for the Orb.
     0 | D:1      | Reached XP level 1. HP: 14/14 MP: 3/3
   218 | D:1      | Reached XP level 2. HP: 12/20 MP: 0/5
   547 | D:1      | Found a snail-covered altar of Cheibriados.
   894 | D:2      | Noticed Natasha
   894 | D:2      | Noticed Jessica
   971 | D:2      | Reached XP level 3. HP: 26/26 MP: 1/7
  1182 | D:2      | Killed Jessica
  1243 | D:2      | Gained mutation: Your tail ends in a poisonous barb. [potion of mutation]
  1243 | D:2      | Gained mutation: You have a pair of small horns on your head. [potion of mutation]
  1243 | D:2      | Gained mutation: Scrolls take you a little longer to read. [potion of mutation]
  1252 | D:2      | Lost mutation: Your tail ends in a poisonous barb. [potion of cure mutation]
  1252 | D:2      | Lost mutation: You have a pair of small horns on your head. [potion of cure mutation]
  1252 | D:2      | Lost mutation: Scrolls take you a little longer to read. [potion of cure mutation]
  1266 | D:2      | Killed Natasha
  1266 | D:2      | Reached skill level 4 in Spellcasting
  1266 | D:2      | Reached XP level 4. HP: 33/33 MP: 6/10
  1274 | D:2      | Learned a level 2 spell: Throw Flame
  1278 | D:2      | Learned a level 3 spell: Conjure Flame
  1283 | D:2      | Learned a level 4 spell: Sticky Flame
  1560 | D:2      | Noticed Natasha
  1577 | D:2      | Slain by a quokka

Action                   |  1- 3 |  4- 6 || total
-------------------------+-------+-------++-------
Melee: Unarmed           |    23 |       ||    23
       Dagger            |    30 |    14 ||    44
 Cast: Flame Tongue      |    49 |    24 ||    73
       Throw Flame       |       |     2 ||     2
  Use: Scroll            |     3 |       ||     3
       Potion            |     5 |     2 ||     7
  Eat: Chunk             |     2 |       ||     2
